 Dungeon Crawl Stone Soup version 0.24.0-13-gcf9b319 (webtiles) character file.

Game seed: 10959640458467666964, levelgen mode: deterministic

312 Fang the Shield-Bearer (level 6, -1/39 HPs)
             Began as a Gargoyle Fighter on Jan 2, 2020.
             Slain by a centaur (5 damage)
             ... on level 6 of the Dungeon.
             The game lasted 00:02:59 (2132 turns).

Fang the Shield-Bearer (Gargoyle Fighter)           Turns: 2132, Time: 00:02:59

Health: -1/39      AC: 14    Str: 22    XL:     6   Next: 42%
Magic:  6/6        EV:  7    Int:  8    God:
Gold:   237        SH: 10    Dex:  9    Spells: 5/5 levels left

rFire    . . .     SeeInvis .   a - +0 war axe
rCold    . . .     Gourm    .   B - +1 shield
rNeg     + . .     Faith    .   b - +0 scale mail
rPois    ∞         Spirit   .   (no helmet)
rElec    +         Reflect  .   (no cloak)
rCorr    .         Harm     .   (no gloves)
MR       .....                  (no boots)
Stlth    +.........             (no amulet)
HPRegen  0.13/turn              k - +3 ring of protection
MPRegen  0.10/turn              l - ring of stealth

@: no status effects
A: negative energy resistance 1, electricity resistance, unbreathing,
petrification resistance, rot immunity, AC +4
a: no special abilities


You were on level 6 of the Dungeon.
You were not hungry.

You visited 1 branch of the dungeon, and saw 5 of its levels.

You collected 237 gold pieces.

Inventory:

Hand Weapons
 a - a +0 war axe (weapon)
Armour
 b - a +0 scale mail (worn)
 B - a +1 shield (worn)
Jewellery
 k - a +3 ring of protection (left hand)
 l - a ring of stealth (right hand)
Scrolls
 f - a scroll of teleportation
Potions
 d - a potion of might
 e - a potion of heal wounds
 g - a potion of haste
 h - a potion of ambrosia
 i - 2 potions of curing
 m - a potion of flight
Comestibles
 c - 5 rations


   Skills:
 + Level 4.7 Fighting
 + Level 3.3 Axes
 + Level 4.7 Armour
 + Level 4.8 Shields


You had 5 spell levels left.
You didn't know any spells.
Your spell library was empty.

Dungeon Overview and Level Annotations

Branches:
Dungeon (4/15)
 Temple: D:4-7

Altars:

Shops:
D:4 }


Innate Abilities, Weirdness & Mutations

You are resistant to torment.
Your stone body is resilient. (AC +4)
You are immune to poison.
You resist negative energy. (rN+)
You are resistant to electric shocks. (rElec)
You can survive without breathing.
You are immune to petrification.
You are immune to rotting.


Message History

The centaur is lightly wounded.
You barely miss the ogre. The centaur barely misses you.
The ogre hits you with a +0 giant spiked club.
* * * LOW HITPOINT WARNING * * *
A phantom comes into view.
You barely miss the centaur. You hit the ogre.
The centaur hits you but does no damage. x2
You block the ogre's attack.
You hit the centaur.
The centaur is lightly wounded.
You slash the ogre!
You kill the ogre!
You block the centaur's attack.
The centaur hits you but does no damage.
The phantom blinks!
The centaur hits you.
* * * LOW HITPOINT WARNING * * *
Your shield prevents you from hitting the centaur.
The centaur is lightly wounded.
The centaur hits you.
You die...

##### .....
...... #
#####......
....#$(().#
..%.....@###
########c#
#§# #.. ###.
. #


You could see a centaur.

Vanquished Creatures
  An ogre (D:6)
  A centaur (D:3)
  A crimson imp (D:6)
  7 adders
  2 worms (D:2)
  2 dart slugs (D:2)
  2 leopard geckos (D:2)
  An orc (D:3)
  2 bats (D:2)
  4 giant cockroaches
  6 goblins
  5 hobgoblins
  2 kobolds
  3 quokkas (D:2)
  7 frilled lizards
  6 rats
52 creatures vanquished.

Notes
Turn   | Place    | Note
-------+----------+-------------------------------------------
     0 | D:1      | Fang the Gargoyle Fighter began the quest for the Orb.
     0 | D:1      | Reached XP level 1. HP: 14/14 MP: 1/1
   170 | D:1      | Reached XP level 2. HP: 17/19 MP: 2/2
   793 | D:2      | Reached XP level 3. HP: 20/24 MP: 3/3
  1066 | D:2      | Reached XP level 4. HP: 29/29 MP: 4/4
  1188 | D:2      | Found a faded altar of an unknown god.
  1507 | D:3      | Noticed a centaur
  1516 | D:3      | Killed a centaur
  1516 | D:3      | Reached XP level 5. HP: 18/34 MP: 5/5
  2094 | D:4      | Found Daghuixe's Gadget Emporium.
  2121 | D:4      | You fall into a shaft and drop 2 floors!
  2122 | D:6      | Noticed a centaur
  2122 | D:6      | Reached XP level 6. HP: 39/39 MP: 6/6
  2129 | D:6      | Noticed a phantom
  2132 | D:6      | Slain by a centaur

Levels and vault maps discovered:
D:1:      scummos_arrival_checkerplants, layout_loops_ring,
          kennysheep_small_spiral
D:2:      layout_basic, first_ration, chequers_ecumenical_altar_simple
D:3:      layout_loops_ring, nicolae_underground_beach
D:4:      layout_loops_ring, minitemple, minmay_temple_entry_poolview,
          serial_shops, shop_statue, shop, shop, shop, shop
D:6:      layout_rooms, gup_sewer_entry_glass

Skill      XL: |  1  2  3  4  5 |
---------------+----------------+-----
Axes           | 2 3 |  3.3
Shields        | 4 |  4.8
Fighting       | 4 |  4.7
Armour         | 4 |  4.7

Action                   |  1- 3 |  4- 6 || total
-------------------------+-------+-------++-------
Melee: War axe           |   131 |   116 ||   247
  Use: Scroll            |     6 |     5 ||    11
  Eat: Chunk             |     1 |     4 ||     5
Armor: Scale mail        |    75 |    69 ||   144
Dodge: Dodged            |    38 |    20 ||    58
Block: Shield            |    74 |    85 ||   159
